[Event "Early Titled Tuesday Blitz | February 8 2022"]
[White "Eynullayev, Altay"]
[Black "Demchenko, Anton"]
[WhiteFideId "13413562"]
[BlackFideId "4160258"]
[WhiteElo "2079"]
[BlackElo "2539"]
[Result "1-0"]
[Round "01"]
[TimeControl "180+1"]
[Date "2022.02.08"]
[WhiteClock "0:00:33"]
[BlackClock "0:00:02"]

1. e4 e5 2. Nf3 Nc6 3. Bb5 a6 4. Ba4 Nge7 5. O-O Ng6 6. c3 d6 7. d4 Bd7 8. d5 Nb8 9. c4 Be7 10. g3 O-O 11. h4 Bg4 12. Nbd2 Bxh4 13. gxh4 Nxh4 14. Qb3 b5 15. cxb5 Nd7 16. Nxh4 Qxh4 17. Qg3 Qh5 18. f3 Bh3 19. Rf2 Nc5 20. Rh2 Nxa4 21. Rxh3 Qg6 22. Qxg6 hxg6 23. bxa6 Rxa6 24. Nc4 Nc5 25. a3 Nb3 26. Rb1 Ra4 27. Nd2 Nd4 28. b3 Ra6 29. Bb2 Ne2+ 30. Kf2 Nf4 31. Rh2 Nd3+ 32. Ke3 Nxb2 33. Rxb2 Rxa3 34. Nc4 Ra1 35. Ra2 Rb1 36. Rhb2 Rf1 37. Rf2 Re1+ 38. Kd2 Rb1 39. Kc2 Rh1 40. Ra7 Rc8 41. Kc3 f5 42. Rfa2 Rh3 43. Nd2 fxe4 44. Nxe4 Rxf3+ 45. Kc4 Rf4 46. Kd3 Rf3+ 47. Kc2 Rff8 48. Ng5 Rf2+ 49. Kc3 Rxa2 50. Rxa2 c6 51. Kc4 Kf8 52. Ra7 cxd5+ 53. Kxd5 Rb8 54. Ne6+ Kg8 55. Ng5 Kf8 56. Ra3 Rd8 57. Ne6+ Ke7 58. Nxd8 Kxd8 59. b4 1-0


[Site "https://www.chess.com"]

[Event "Early Titled Tuesday Blitz | February 8 2022"]
[White "Farmani Anosheh, Armin"]
[Black "Samunenkov, Ihor"]
[WhiteFideId "24613240"]
[BlackFideId "14187086"]
[WhiteElo "2289"]
[BlackElo "2406"]
[Result "0-1"]
[Round "01"]
[TimeControl "180+1"]
[Date "2022.02.08"]
[WhiteClock "0:00:05"]
[BlackClock "0:00:07"]

1. d4 d5 2. c4 e6 3. Nf3 Nf6 4. g3 dxc4 5. Bg2 c6 6. Ne5 Bb4+ 7. Nc3 Nd5 8. Bd2 b5 9. a4 O-O 10. e4 Nb6 11. axb5 Bxc3 12. Bxc3 cxb5 13. Bb4 Re8 14. Qh5 g6 15. Qh6 Qf6 16. h4 Qg7 17. Qe3 Bb7 18. h5 Nc6 19. Nxc6 Bxc6 20. Bd6 Rad8 21. Be5 f6 22. hxg6 hxg6 23. Bxf6 Qxf6 24. e5 Qg7 25. Bxc6 Rf8 26. Qe4 Nd5 27. Bxb5 c3 28. b3 Nb4 29. Bc4 Qf7 30. O-O Kg7 31. Ra4 Rb8 32. Rfa1 a6 33. Rxb4 Qxf2+ 34. Kh1 Rh8+ 35. Qh4 Rxh4+ 36. gxh4 Qxh4+ 37. Kg2 Qg4+ 38. Kf2 Qxd4+ 39. Ke1 Rxb4 40. Be2 Qd2+ 41. Kf1 Rf4+ 42. Kg1 Qxe2 0-1


[Site "https://www.chess.com"]

[Event "Early Titled Tuesday Blitz | February 8 2022"]
[White "Fernandez, Michael"]
[Black "Jumabayev, Rinat"]
[WhiteFideId "5803560"]
[BlackFideId "13702661"]
[WhiteElo "2110"]
[BlackElo "2561"]
[Result "0-1"]
[Round "01"]
[TimeControl "180+1"]
[Date "2022.02.08"]
[WhiteClock "0:00:07"]
[BlackClock "0:00:20"]

1. c4 e5 2. g3 Nf6 3. Bg2 c6 4. d4 e4 5. Nc3 Bb4 6. Bg5 d5 7. e3 O-O 8. c5 h6 9. Bxf6 Qxf6 10. Ne2 Bg4 11. O-O Nd7 12. Qc2 Qg5 13. a3 Ba5 14. Rfc1 Nf6 15. h3 Bd7 16. Kh2 Bc7 17. Nf4 Qf5 18. Kg1 g5 19. Nfe2 h5 20. Rf1 Qg6 21. f3 exf3 22. Qxg6+ fxg6 23. Rxf3 g4 24. hxg4 Nxg4 25. Raf1 Rxf3 26. Rxf3 Re8 27. Nd1 Bf5 28. Nec3 Kg7 29. b4 Bd8 30. Rf1 Bg5 31. e4 dxe4 32. d5 cxd5 33. Nxd5 Rd8 34. N1c3 e3 35. Nf4 Bxf4 36. Rxf4 Rd3 37. Ne2 Rd2 38. Bf1 Bd3 39. Nd4 e2 40. Ne6+ Kh6 41. Bxe2 Rxe2 42. Nd8 Re7 43. Rf8 Kg7 44. Rf3 Re1+ 0-1


[Site "https://www.chess.com"]

[Event "Early Titled Tuesday Blitz | February 8 2022"]
[White "Fier, Alexandr"]
[Black "Iljin, Timofey"]
[WhiteFideId "2107139"]
[BlackFideId "14110180"]
[WhiteElo "2569"]
[BlackElo "2396"]
[Result "1-0"]
[Round "01"]
[TimeControl "180+1"]
[Date "2022.02.08"]
[WhiteClock "0:00:07"]
[BlackClock "0:00:01"]

1. b3 f5 2. Bb2 Nf6 3. e3 g6 4. d4 Bg7 5. h4 O-O 6. h5 Nxh5 7. Rxh5 gxh5 8. Qxh5 Qe8 9. Qh2 d6 10. Nf3 h6 11. Nbd2 Be6 12. Bd3 Nc6 13. a3 Bd5 14. c4 Bxf3 15. Nxf3 e5 16. dxe5 dxe5 17. e4 Rd8 18. Bc2 Nd4 19. Bxd4 exd4 20. e5 d3 21. Bd1 f4 22. Kf1 Qg6 23. b4 d2 24. Qh3 Rfe8 25. c5 Qd3+ 26. Kg1 Qc3 27. Rb1 Qd3 28. Rb2 Qe4 29. Qh5 Qe1+ 30. Kh2 Qxd1 31. Rxd2 Qb3 32. Rd7 Qe6 33. Rxc7 Rd7 34. Rxd7 Qxd7 35. Qg6 Qf7 36. Qe4 Qh5+ 37. Kg1 Rd8 38. Qc2 Qf7 39. b5 Qd5 40. Kh2 Rc8 41. Qg6 Qxc5 42. Qe6+ Kh8 43. Nh4 Rd8 44. Ng6+ Kh7 45. Qf5 Kg8 46. Qe6+ Kh7 47. Qf5 Kg8 48. Qxf4 Qc7 49. Qe4 Qf7 50. f4 Re8 51. f5 Qc7 52. Kh3 Bxe5 53. f6 Bxf6 54. Qxe8+ Kg7 55. g3 Qc4 56. Nf4 Qf1+ 57. Kg4 Qd1+ 58. Qe2 Qd7+ 59. Qe6 Qxe6+ 60. Nxe6+ Kf7 61. Kf5 Be7 62. a4 a6 63. b6 Bd6 64. Nd8+ Ke7 65. Nxb7 Bxg3 66. Nc5 Kd6 67. Nxa6 Kc6 68. a5 Kb7 69. Nc5+ Kc6 70. Ne4 Bh2 71. Ke6 Kb5 72. b7 1-0


[Site "https://www.chess.com"]

[Event "Early Titled Tuesday Blitz | February 8 2022"]
[White "Flis, Pawel"]
[Black "Budrewicz, Krzysztof"]
[WhiteFideId "1112864"]
[BlackFideId "1127950"]
[WhiteElo "1735"]
[BlackElo "2248"]
[Result "0-1"]
[Round "01"]
[TimeControl "180+1"]
[Date "2022.02.08"]
[WhiteClock "0:00:20"]
[BlackClock "0:01:16"]

1. e4 g6 2. d4 Bg7 3. Nc3 c5 4. dxc5 Bxc3+ 5. bxc3 Nc6 6. Nf3 Qa5 7. Bd2 Qxc5 8. Bd3 Nf6 9. O-O O-O 10. Rb1 Qa5 11. Re1 d6 12. h3 Qc7 13. Nd4 a6 14. f4 Nxd4 15. cxd4 d5 16. e5 Ne4 17. Bxe4 dxe4 18. Rxe4 Bf5 19. Re2 Bxc2 20. Qc1 Rfc8 21. Be3 Bxb1 22. Qxb1 e6 23. Qe1 Qc4 24. Rd2 Qd5 25. Qh4 Rc1+ 26. Kh2 Rc3 27. Bf2 Rac8 28. f5 exf5 29. Qf6 Qe4 30. d5 Qf4+ 0-1


[Site "https://www.chess.com"]

[Event "Early Titled Tuesday Blitz | February 8 2022"]
[White "Fries-Nielsen, Jens Ove"]
[Black "Lopez Del Alamo, Antonio"]
[WhiteFideId "1400142"]
[BlackFideId "2227339"]
[WhiteElo "2597"]
[BlackElo "2082"]
[Result "1-0"]
[Round "01"]
[TimeControl "180+1"]
[Date "2022.02.08"]
[WhiteClock "0:01:38"]
[BlackClock "0:00:45"]

1. d4 Nf6 2. Nc3 d5 3. Bf4 e6 4. Nb5 Na6 5. e3 c6 6. Nc3 Nb8 7. a3 Bd6 8. Nf3 O-O 9. Bd3 Qc7 10. Bg3 Nbd7 11. b4 e5 12. Be2 e4 13. Nd2 a5 14. b5 c5 15. Bxd6 Qxd6 16. dxc5 Qxc5 17. Na4 Qe7 18. c4 b6 19. cxd5 Nxd5 20. Nc4 Bb7 21. O-O Rad8 22. Qb3 Nc5 23. Nxc5 Qxc5 24. Rac1 Rc8 25. Qb2 Qe7 26. Rfd1 Rfd8 27. Rd4 f5 28. Rcd1 Rc5 29. Nxb6 Rd6 30. Na4 Rc8 31. Bc4 Rcd8 32. Nc3 Qe5 33. Qa2 Kh8 34. Bxd5 Bxd5 35. Nxd5 Rxd5 36. Rxd5 1-0


[Site "https://www.chess.com"]

[Event "Early Titled Tuesday Blitz | February 8 2022"]
[White "Gabrielian, Artur"]
[Black "Rangel, Daniel"]
[WhiteFideId "4131002"]
[BlackFideId "2124475"]
[WhiteElo "2440"]
[BlackElo "2187"]
[Result "1-0"]
[Round "01"]
[TimeControl "180+1"]
[Date "2022.02.08"]
[WhiteClock "0:00:17"]
[BlackClock "0:00:07"]

1. e4 c6 2. d4 d5 3. Nd2 dxe4 4. Nxe4 Nf6 5. Nxf6+ exf6 6. c3 Bd6 7. Bd3 O-O 8. Qc2 Re8+ 9. Ne2 h5 10. O-O h4 11. h3 Nd7 12. Be3 Nf8 13. Rad1 Be6 14. Rfe1 Qd7 15. Nf4 Bc7 16. c4 Rac8 17. c5 Rcd8 18. b4 Bxf4 19. Bxf4 Bd5 20. Bd6 Rxe1+ 21. Rxe1 Re8 22. Re3 Rxe3 23. fxe3 Qe6 24. e4 Bxa2 25. d5 Bxd5 26. exd5 Qxd5 27. Qc4 Qxc4 28. Bxc4 Ne6 29. b5 Nd4 30. b6 axb6 31. cxb6 Nb5 32. Bc5 g6 33. Kf2 Kg7 34. Ke3 f5 35. Be7 f6 36. Be6 Nc3 37. Kd4 Na4 38. Bd8 g5 39. Bxf5 c5+ 40. Kc4 Kf7 41. Bd7 Nb2+ 42. Kxc5 Nd3+ 43. Kd6 Nf4 44. Bc8 Nxg2 45. Bxb7 Nf4 46. Bc6 Nxh3 47. b7 Nf4 48. b8=Q g4 49. Be7 Kg6 50. Be4+ Kg5 51. Qg8+ Ng6 52. Qxg6+ Kf4 1-0


[Site "https://www.chess.com"]

[Event "Early Titled Tuesday Blitz | February 8 2022"]
[White "Golsta, Madara"]
[Black "Barp, Alberto"]
[WhiteFideId "11607386"]
[BlackFideId "872555"]
[WhiteElo "1997"]
[BlackElo "2229"]
[Result "0-1"]
[Round "01"]
[TimeControl "180+1"]
[Date "2022.02.08"]
[WhiteClock "0:00:02"]
[BlackClock "0:00:08"]

1. e4 c6 2. d4 d5 3. exd5 cxd5 4. c4 Nf6 5. Nc3 Nc6 6. Nf3 Bg4 7. Be3 e6 8. c5 Be7 9. h3 Bh5 10. g4 Bg6 11. Qb3 Qc8 12. Nh4 Be4 13. f3 Bg6 14. Be2 O-O 15. Nxg6 hxg6 16. f4 Rd8 17. h4 Ne4 18. h5 gxh5 19. Rxh5 Nxc5 20. Qc2 g6 21. Rh1 Ne4 22. Nxe4 dxe4 23. Qxe4 Qd7 24. f5 exf5 25. gxf5 Qxf5 26. Qxf5 gxf5 27. O-O-O Bf6 28. Rdg1+ Kf8 29. Rh6 Bxd4 30. Bxd4 Nxd4 31. Bc4 Rac8 32. b3 b5 33. Rh8+ Ke7 34. Rxd8 Rxd8 35. Bf1 Kf6 36. Rg2 f4 0-1


[Site "https://www.chess.com"]

[Event "Early Titled Tuesday Blitz | February 8 2022"]
[White "Goltseva, Ekaterina"]
[Black "Sanal, Vahap"]
[WhiteFideId "24173770"]
[BlackFideId "6300545"]
[WhiteElo "2140"]
[BlackElo "2603"]
[Result "0-1"]
[Round "01"]
[TimeControl "180+1"]
[Date "2022.02.08"]
[WhiteClock "0:00:05"]
[BlackClock "0:01:18"]

1. d4 d6 2. c4 e5 3. Nc3 exd4 4. Qxd4 Nc6 5. Qd2 Nf6 6. b3 Be6 7. e4 g6 8. Bb2 Bg7 9. Nf3 O-O 10. Be2 Re8 11. O-O Bg4 12. Qf4 Bxf3 13. Bxf3 Nd7 14. Rfd1 Nc5 15. Rab1 Nd4 16. Kh1 a5 17. Nd5 Nce6 18. Qe3 c6 19. Nf4 Nxf3 20. Nxe6 Rxe6 21. Qxf3 Qe7 22. Bxg7 Kxg7 23. Qg3 Rxe4 24. h3 Re6 25. Rd4 Qf6 26. Rbd1 Rd8 27. Rf4 Qe5 28. Qf3 Rd7 29. Rdd4 d5 30. cxd5 cxd5 31. g3 g5 32. Rg4 h5 33. h4 hxg4 34. Rxg4 f6 35. hxg5 fxg5 36. Qd3 Rf7 37. Kg2 Qf5 38. Qd2 Qxg4 0-1


[Site "https://www.chess.com"]

[Event "Early Titled Tuesday Blitz | February 8 2022"]
[White "Gontcharov, Vladislav"]
[Black "Howell, David W L"]
[WhiteFideId "4123492"]
[BlackFideId "410608"]
[WhiteElo "2503"]
[BlackElo "2559"]
[Result "0-1"]
[Round "01"]
[TimeControl "180+1"]
[Date "2022.02.08"]
[WhiteClock "0:00:01"]
[BlackClock "0:01:23"]

1. e4 c5 2. Nf3 Nc6 3. d4 cxd4 4. Nxd4 Nf6 5. Nc3 d6 6. Be2 g6 7. Be3 Bg7 8. O-O O-O 9. Qd2 Bd7 10. Rad1 Rc8 11. Nxc6 Bxc6 12. f3 Qa5 13. Nd5 Qd8 14. c4 Bxd5 15. exd5 Nd7 16. b4 Qc7 17. Rc1 a5 18. a3 axb4 19. axb4 b6 20. f4 Ra8 21. Bf3 Ra4 22. Rfe1 Rfa8 23. Bf2 Ra2 24. Qe3 Bf6 25. g4 R8a3 26. Qe4 g5 27. Bg3 h6 28. Bg2 Nf8 0-1


[Site "https://www.chess.com"]

[Event "Early Titled Tuesday Blitz | February 8 2022"]
[White "Goryachkina, Aleksandra"]
[Black "Goldin, Roman"]
[WhiteFideId "4147103"]
[BlackFideId "2803860"]
[WhiteElo "2426"]
[BlackElo "2312"]
[Result "1-0"]
[Round "01"]
[TimeControl "180+1"]
[Date "2022.02.08"]
[WhiteClock "0:00:25"]
[BlackClock "0:00:18"]

1. e4 Nc6 2. Nc3 Nf6 3. Nf3 e5 4. d4 exd4 5. Nxd4 g6 6. Be3 Bg7 7. Be2 O-O 8. O-O Re8 9. f3 d5 10. Nxc6 bxc6 11. Bg5 Qd6 12. exd5 cxd5 13. Kh1 c6 14. Bd3 Be6 15. Qd2 Nd7 16. Rae1 Qb4 17. Qc1 Nc5 18. a3 Qa5 19. b4 Qc7 20. Nd1 Na4 21. Ne3 Nc3 22. f4 Ne4 23. Bxe4 dxe4 24. f5 Bd5 25. c4 h6 26. Bf4 Be5 27. Bxe5 Qxe5 28. cxd5 cxd5 29. Ng4 Qg7 30. fxg6 fxg6 31. Nf6+ 1-0


[Site "https://www.chess.com"]

[Event "Early Titled Tuesday Blitz | February 8 2022"]
[White "Grandelius, Nils"]
[Black "Reprintsev, Alexander"]
[WhiteFideId "1710400"]
[BlackFideId "14100541"]
[WhiteElo "2617"]
[BlackElo "2126"]
[Result "1-0"]
[Round "01"]
[TimeControl "180+1"]
[Date "2022.02.08"]
[WhiteClock "0:00:13"]
[BlackClock "0:00:15"]

1. d4 d5 2. c4 e5 3. dxe5 d4 4. Nf3 Nc6 5. a3 g6 6. Bg5 Qd7 7. g3 h6 8. Bf6 Nxf6 9. exf6 a5 10. Bg2 Bc5 11. O-O O-O 12. Nbd2 Re8 13. Nb3 Ba7 14. Qd2 Kh7 15. Rad1 Qe6 16. Nbxd4 Nxd4 17. Nxd4 Qxc4 18. e3 Bg4 19. Rc1 Qa6 20. Rxc7 Qxf6 21. Bxb7 Rad8 22. Bg2 Bxd4 23. exd4 Re2 24. Qxa5 Rxd4 25. Qc3 Red2 26. h3 Be2 27. Bd5 R2d3 28. Rxf7+ Qxf7 29. Bxf7 Rxc3 30. bxc3 Rd7 31. Re1 Bf3 32. Be6 Rd3 33. Bg4 Bxg4 34. hxg4 Rxc3 35. Ra1 Rc5 36. a4 Ra5 37. Kg2 Kg7 38. Kf3 Kf6 39. Ke4 Ke6 40. f4 Kd6 41. Kd4 Kc6 42. Kc4 Kb6 43. Kb4 Rd5 44. Rh1 h5 45. gxh5 gxh5 46. Kc4 Ra5 47. Rb1+ Kc6 48. Rb4 Rc5+ 49. Kd3 Rc1 50. Ke3 Rc3+ 51. Kf2 Ra3 52. Kg2 Kd6 53. Kh3 Ke6 54. Kh4 Kf6 55. Rb6+ Kg7 56. Ra6 Kh7 57. Ra8 Kg6 58. a5 Ra1 59. Kh3 Rh1+ 60. Kg2 Ra1 61. a6 Ra2+ 62. Kh3 Ra1 63. a7 Kg7 64. f5 Kh7 65. f6 1-0


[Site "https://www.chess.com"]

[Event "Early Titled Tuesday Blitz | February 8 2022"]
[White "Guliyev, Namig"]
[Black "Toncheva, Nadya"]
[WhiteFideId "13400363"]
[BlackFideId "2924056"]
[WhiteElo "2487"]
[BlackElo "1920"]
[Result "1-0"]
[Round "01"]
[TimeControl "180+1"]
[Date "2022.02.08"]
[WhiteClock "0:02:24"]
[BlackClock "0:00:46"]

1. e4 c5 2. Nf3 Nc6 3. d4 cxd4 4. Nxd4 g6 5. Nc3 Bg7 6. Be3 Nf6 7. Nxc6 bxc6 8. e5 Ng8 9. Bd4 f6 10. exf6 Nxf6 11. Bc4 d5 12. Bb3 O-O 13. O-O Bf5 14. Re1 Re8 15. Na4 Qc7 16. Be5 Qa5 17. Qd4 Rac8 18. Nc5 Bf8 19. c4 Red8 20. Rac1 Bh6 21. Rc3 Bd2 22. Qxd2 Qxc5 23. cxd5 Qb6 24. d6+ Kh8 25. dxe7 1-0


[Site "https://www.chess.com"]

[Event "Early Titled Tuesday Blitz | February 8 2022"]
[White "Gupta, Abhijeet"]
[Black "Guliev, Logman"]
[WhiteFideId "5010608"]
[BlackFideId "13400061"]
[WhiteElo "2549"]
[BlackElo "2128"]
[Result "1-0"]
[Round "01"]
[TimeControl "180+1"]
[Date "2022.02.08"]
[WhiteClock "0:01:21"]
[BlackClock "0:00:29"]

1. Nf3 Nf6 2. c4 e6 3. g3 d5 4. Bg2 Be7 5. O-O O-O 6. d4 c5 7. dxc5 Bxc5 8. cxd5 exd5 9. b3 Nc6 10. Bb2 d4 11. Nbd2 Bg4 12. Rc1 Bb6 13. h3 Bh5 14. a3 Re8 15. b4 a6 16. Nb3 Qd7 17. g4 Bg6 18. Nbxd4 Nxd4 19. Bxd4 Bxd4 20. Qxd4 Rxe2 21. Qxd7 Nxd7 22. Rc7 Nb6 23. Rxb7 Nc4 24. Rc7 Bd3 25. Ne1 Rxe1 26. Rxe1 Rf8 27. Bd5 Nd6 28. Rd7 1-0


[Site "https://www.chess.com"]

[Event "Early Titled Tuesday Blitz | February 8 2022"]
[White "Guseva, Marina"]
[Black "Boros, Denes"]
[WhiteFideId "4149351"]
[BlackFideId "722340"]
[WhiteElo "2232"]
[BlackElo "2464"]
[Result "0-1"]
[Round "01"]
[TimeControl "180+1"]
[Date "2022.02.08"]
[WhiteClock "0:00:01"]
[BlackClock "0:00:16"]

1. d4 g6 2. c4 Nf6 3. Nf3 d5 4. cxd5 Nxd5 5. g3 Bg7 6. Bg2 Nb6 7. O-O Nc6 8. Nc3 O-O 9. d5 Nb4 10. e4 e6 11. a3 Na6 12. Bg5 f6 13. Bf4 g5 14. Bc1 e5 15. Qe2 Bg4 16. h3 Bh5 17. g4 Bf7 18. Be3 Nc8 19. Rfd1 h5 20. Nd2 Qd7 21. gxh5 Qe8 22. Bf3 Nd6 23. Nf1 f5 24. exf5 e4 25. Bg4 Qe5 26. Ng3 Rae8 27. Bxg5 Nc5 28. f4 exf3 29. Qxf3 Nb3 30. Rab1 Nd4 31. Qg2 Kh8 32. h6 Bf6 33. Bxf6+ Qxf6 34. Rf1 Nc4 35. Qf2 Re3 36. Rfe1 Qxh6 37. Rxe3 Qxe3 38. Qxe3 Nxe3 39. Kf2 Nexf5 40. Nxf5 Bg6 41. Re1 Nxf5 42. Bxf5 Bxf5 43. Kg3 Rf7 44. Rf1 Rg7+ 45. Kf4 Bd3 46. Re1 Rf7+ 47. Ke3 Bf5 48. Kd4 Kg7 49. Nb5 a6 50. Nc3 Bxh3 51. Kc5 Kf8 52. Re3 Bd7 53. b4 Rf4 54. Re4 Rf3 55. Kd4 Rg3 56. Re5 Rg4+ 57. Ne4 Kf7 58. d6 cxd6 59. Rd5 Bc6 60. Rf5+ Ke7 0-1


[Site "https://www.chess.com"]

[Event "Early Titled Tuesday Blitz | February 8 2022"]
[White "Hakobyan, Aram"]
[Black "Weishaeutel, Moritz"]
[WhiteFideId "13306677"]
[BlackFideId "12967300"]
[WhiteElo "2557"]
[BlackElo "2002"]
[Result "1-0"]
[Round "01"]
[TimeControl "180+1"]
[Date "2022.02.08"]
[WhiteClock "0:00:34"]
[BlackClock "0:00:02"]

1. b3 d5 2. Bb2 Bf5 3. d3 Nf6 4. Nd2 e6 5. g3 Be7 6. Bg2 O-O 7. e4 Bg6 8. Nh3 Bh5 9. Qc1 d4 10. Nf4 Bg6 11. e5 Nd5 12. Nxd5 exd5 13. Bxd4 c5 14. Bb2 Nc6 15. O-O d4 16. f4 Bf5 17. Nc4 f6 18. Qd2 fxe5 19. Bxc6 bxc6 20. Nxe5 Bf6 21. Ba3 Qd5 22. Rae1 Bh3 23. Rf2 Rae8 24. Nf3 Bg4 25. Ne5 Bxe5 26. fxe5 Rxf2 27. Qxf2 Rxe5 28. Rxe5 Qxe5 29. Bc1 Qe2 30. Qxe2 Bxe2 31. Kf2 Bd1 32. Ke1 Bxc2 33. Kd2 Bb1 34. a4 Kf7 35. Ba3 Ke6 36. Bxc5 Kd5 37. Bxa7 c5 38. Bb8 g6 39. Bf4 Kc6 40. Bh6 Kd5 41. Bf8 Kc6 42. h4 Kd5 43. g4 Kc6 44. g5 Kd5 45. a5 Kc6 46. a6 Kb6 47. Bxc5+ Kxa6 48. Bxd4 Kb5 49. Kc3 Kc6 50. Kc4 Bc2 51. b4 Ba4 52. Bc5 Bb5+ 53. Kd4 Ba6 54. Ke4 Bb5 55. d4 Bc4 56. Ke5 Bd5 57. Kf6 Be4 58. Kg7 Bf5 59. Kxh7 Be4 60. Kh6 Bd3 61. h5 gxh5 62. Kxh5 1-0


[Site "https://www.chess.com"]

[Event "Early Titled Tuesday Blitz | February 8 2022"]
[White "Dronavalli, Harika"]
[Black "Niyazgulova, Marina"]
[WhiteFideId "5015197"]
[BlackFideId "24142573"]
[WhiteElo "2382"]
[BlackElo "2075"]
[Result "1-0"]
[Round "01"]
[TimeControl "180+1"]
[Date "2022.02.08"]
[WhiteClock "0:01:17"]
[BlackClock "0:00:14"]

1. d4 d5 2. c4 c6 3. Nc3 Nf6 4. e3 a6 5. Nf3 b5 6. b3 Bg4 7. Be2 e6 8. h3 Bxf3 9. Bxf3 Bd6 10. O-O O-O 11. e4 dxe4 12. Nxe4 Nxe4 13. Bxe4 h6 14. Be3 Qc7 15. Qf3 bxc4 16. bxc4 a5 17. Rab1 Rc8 18. c5 Be7 19. Bf4 Qd7 20. Rb6 Qxd4 21. Be3 Qa4 22. Rb7 Re8 23. Rfb1 Qxa2 24. Bf4 Bf6 25. Bxb8 Rc8 26. Be5 Bxe5 27. Qxf7+ Kh8 28. Qg6 Kg8 29. Qh7+ Kf8 30. Qh8# 1-0


[Site "https://www.chess.com"]

[Event "Early Titled Tuesday Blitz | February 8 2022"]
[White "Hartikainen, Jarmo"]
[Black "Khripachenko, Alexander"]
[WhiteFideId "503134"]
[BlackFideId "54184975"]
[WhiteElo "2110"]
[BlackElo "2177"]
[Result "0-1"]
[Round "01"]
[TimeControl "180+1"]
[Date "2022.02.08"]
[WhiteClock "0:00:06"]
[BlackClock "0:02:39"]

1. e4 g6 2. d4 Bg7 3. Nc3 c5 4. Be3 cxd4 5. Bxd4 Nf6 6. Be2 Nc6 7. Be3 Qa5 8. Qd2 d6 9. h3 Be6 10. Nf3 Qb4 11. O-O O-O 12. a3 Qa5 13. b4 Qd8 14. Rad1 Rc8 15. Bd3 Nd7 16. Nd5 Nde5 17. Nxe5 Nxe5 18. Bh6 Bxd5 19. Bxg7 Kxg7 20. exd5 Qb6 21. Kh1 Qd4 22. Be2 Qxd2 23. Rxd2 Rc3 24. a4 Rfc8 25. Bd1 R8c4 26. f4 Nd7 27. Rf3 Rxf3 28. Bxf3 Rxb4 29. a5 Rxf4 0-1


[Site "https://www.chess.com"]

[Event "Early Titled Tuesday Blitz | February 8 2022"]
[White "Hasangatin, Ramil"]
[Black "Jakubowska, Anna"]
[WhiteFideId "4122160"]
[BlackFideId "1121952"]
[WhiteElo "2375"]
[BlackElo "1924"]
[Result "0-1"]
[Round "01"]
[TimeControl "180+1"]
[Date "2022.02.08"]
[WhiteClock "0:00:44"]
[BlackClock "0:00:33"]

1. e4 c6 2. Nf3 d5 3. d3 dxe4 4. dxe4 Qxd1+ 5. Kxd1 Bg4 6. Be2 Nd7 7. Nfd2 Bxe2+ 8. Kxe2 O-O-O 9. Nb3 e5 10. Be3 Ngf6 11. f3 Bb4 12. c3 Bd6 13. N1d2 Bc7 14. a4 a5 15. Nc4 b6 16. Rhd1 c5 17. Bg5 h6 18. Bh4 g5 19. Bf2 Nf8 20. Nbd2 Ne6 21. g3 g4 22. Ne3 gxf3+ 23. Kxf3 Ng5+ 24. Ke2 Nfxe4 25. h4 Nxd2 26. hxg5 Ne4 27. Rxd8+ Bxd8 28. gxh6 Rxh6 29. Ng4 Rg6 30. Nxe5 Re6 31. Nc4 Nxg3+ 32. Kd3 Ne4 33. Be3 Nd6 34. Nxd6+ Rxd6+ 35. Kc4 Re6 36. Bd2 Re2 37. Rd1 f5 38. Bc1 Bc7 39. Rh1 f4 40. Kd5 f3 41. Rh8+ Kd7 42. Bg5 Re5+ 43. Kc4 Rxg5 44. Rf8 Rg2 45. Rxf3 Rxb2 46. Rf7+ Kc6 47. Rf6+ Bd6 48. Rg6 Rf2 49. Rh6 Rf4+ 50. Kb3 c4+ 51. Kc2 Rf2+ 52. Kb1 Kd5 53. Rg6 Be5 54. Rxb6 Bxc3 55. Rb8 Bb4 56. Rd8+ Ke4 57. Kc1 Ra2 58. Kb1 Rxa4 59. Kb2 Ra3 60. Re8+ Kd5 61. Rd8+ Bd6 62. Rxd6+ Kxd6 63. Kxa3 Kc5 64. Kb2 Kb4 65. Kc2 Ka3 66. Kc1 Ka2 67. Kc2 a4 68. Kc3 Kb1 69. Kb4 Kb2 70. Kxa4 c3 71. Kb4 c2 72. Kc4 c1=Q+ 73. Kd4 Qc3+ 74. Kd5 Qb4 75. Ke5 Kc3 76. Kd5 Qc4+ 77. Ke5 Qd4+ 78. Kf5 Kc4 79. Ke6 Qc5 80. Kf6 Qd5 81. Kg6 Qe5 82. Kf7 Qd6 83. Kg7 Qe6 84. Kf8 Qd7 85. Kg8 Kd5 86. Kh8 Ke6 87. Kg8 Kf6 88. Kh8 Qg7# 0-1


[Site "https://www.chess.com"]

[Event "Early Titled Tuesday Blitz | February 8 2022"]
[White "Heinemann, Josefine"]
[Black "Rakhmanov, Aleksandr"]
[WhiteFideId "12900460"]
[BlackFideId "4173708"]
[WhiteElo "2300"]
[BlackElo "2500"]
[Result "0-1"]
[Round "01"]
[TimeControl "180+1"]
[Date "2022.02.08"]
[WhiteClock "0:00:06"]
[BlackClock "0:00:17"]

1. d4 Nf6 2. c4 d6 3. Nf3 g6 4. Nc3 Bf5 5. g3 Bg7 6. Bg2 c6 7. O-O Ne4 8. Nxe4 Bxe4 9. b3 O-O 10. Bb2 Nd7 11. Qd2 d5 12. Rac1 e6 13. Ba3 Re8 14. Bd6 a5 15. Bf4 Qe7 16. h4 h5 17. Bg5 Qb4 18. Qf4 a4 19. Ne5 Nxe5 20. dxe5 Bxg2 21. Kxg2 axb3 22. axb3 Qxb3 23. Bf6 Ra4 24. Bxg7 Kxg7 25. Rb1 Qxc4 26. Qf6+ Kg8 27. Rxb7 Rf8 28. Rfb1 Qe4+ 29. Kh2 Qf5 30. Qe7 Qxf2+ 0-1


[Site "https://www.chess.com"]

[Event "Early Titled Tuesday Blitz | February 8 2022"]
[White "Hess, Robert"]
[Black "Navalgund, Niranjan"]
[WhiteFideId "2022036"]
[BlackFideId "5030854"]
[WhiteElo "2557"]
[BlackElo "2290"]
[Result "1-0"]
[Round "01"]
[TimeControl "180+1"]
[Date "2022.02.08"]
[WhiteClock "0:00:02"]
[BlackClock "0:00:01"]

1. b3 e5 2. Bb2 Nc6 3. h3 h5 4. e3 a6 5. d3 d5 6. Nd2 Nf6 7. g3 Bb4 8. a3 Bc5 9. Bg2 Qe7 10. Ne2 Ba7 11. b4 Bd7 12. c4 dxc4 13. Nxc4 e4 14. Bxf6 Qxf6 15. Bxe4 h4 16. g4 O-O-O 17. Rc1 Kb8 18. Nf4 Ne7 19. Qf3 Bc6 20. Na5 Bxe4 21. Qxe4 c6 22. O-O Nd5 23. Nxd5 Rxd5 24. d4 Rhd8 25. Nc4 Ka8 26. Ne5 Qe6 27. Qf3 f6 28. Ng6 Bb8 29. Rc5 Qd6 30. Qg2 Rg5 31. Nxh4 Rh8 32. Rxg5 fxg5 33. Nf3 Qd5 34. Rc1 Qb3 35. Nxg5 Qxa3 36. Rb1 Qd3 37. Rf1 Qc4 38. Ne4 Qxb4 39. Qf3 Rf8 40. Qe2 Qe7 41. f3 Qh4 42. Qg2 Qe7 43. Rb1 Qa3 44. Qe2 a5 45. Nc5 b5 46. Ne4 Re8 47. Kg2 a4 48. Qc2 Re6 49. Ng5 Rd6 50. Nf7 Rf6 51. g5 Rxf7 52. Qxc6+ Ka7 53. Qxb5 Qd6 54. Qa5+ Qa6 55. Qb5 Qxb5 56. Rxb5 Bc7 57. Rb4 Bb6 58. Rxa4+ Kb7 59. f4 Rc7 60. Kf3 Rc1 61. Kg4 Kc6 62. Ra8 Re1 63. Re8 Kd7 64. Re5 Bc7 65. Re4 Bd6 66. Kf5 Rh1 67. Kg6 Rxh3 68. Kxg7 Rg3 69. g6 Rg1 70. Kf7 Ra1 71. g7 Ra7 72. g8=Q Kc6+ 73. Kg6 Ra5 74. Qc4+ Kd7 75. Qf7+ Kc6 76. Qe8+ Kb6 77. Re6 Ka7 78. Qd7+ Ka8 79. Rxd6 Rg5+ 80. fxg5 1-0


[Site "https://www.chess.com"]

[Event "Early Titled Tuesday Blitz | February 8 2022"]
[White "Hoffmann, Asa"]
[Black "Garriga Cazorla, Pere"]
[WhiteFideId "2001470"]
[BlackFideId "32011601"]
[WhiteElo "2117"]
[BlackElo "2458"]
[Result "0-1"]
[Round "01"]
[TimeControl "180+1"]
[Date "2022.02.08"]
[WhiteClock "0:00:01"]
[BlackClock "0:00:11"]

1. d4 Nf6 2. Bg5 d5 3. Nd2 c5 4. e3 Nc6 5. c3 e6 6. f4 Be7 7. Ngf3 Rb8 8. Bd3 b5 9. O-O b4 10. Ne5 Bd7 11. f5 exf5 12. Bxf5 Nxe5 13. dxe5 Ng8 14. Bxd7+ Qxd7 15. Bf4 Rb6 16. Qf3 g5 17. Bg3 Nh6 18. Rad1 bxc3 19. bxc3 O-O 20. Nc4 Ra6 21. Rxd5 Qe6 22. Rf2 Ra4 23. Nd6 Ng4 24. Rfd2 Rb8 25. Nf5 Bf8 26. h3 Nh6 27. e4 Ra6 28. c4 Rab6 29. Kh2 Qg6 30. Rd6 Bxd6 31. Rxd6 Rxd6 32. Ne7+ Kg7 33. Nxg6 Rxg6 34. e6 Re8 35. Be5+ Kg8 36. exf7+ Nxf7 37. Bg3 Rge6 38. e5 Nxe5 39. Bxe5 Rxe5 40. Qb7 R8e7 41. Qc8+ Kg7 42. Qc6 h6 43. Kg3 Rf5 44. a4 h5 45. Qd6 Re3+ 46. Kh2 Ree5 47. a5 g4 48. hxg4 hxg4 49. Kg3 Re4 50. Qc7+ Kg6 51. Qxa7 Rxc4 0-1


[Site "https://www.chess.com"]